 Dungeon Crawl Stone Soup version 0.27.0-1-g7a089689b8 (webtiles) character file.

Game seed: 16472790764807253276

79 horus123 the Skirmisher (level 4, -2/37 HPs)
             Began as a Demonspawn Abyssal Knight on Aug 15, 2021.
             Was a Follower of Lugonu.
             Slain by a worm (8 damage)
             ... on level 3 of the Dungeon.
             The game lasted 00:04:03 (2472 turns).

horus123 the Skirmisher (Demonspawn Abyssal Knight) Turns: 2472, Time: 00:04:04

Health: -2/37      AC: 15    Str: 13    XL:     4   Next: 17%
Magic:  6/6        EV: -1    Int: 16    God:    Lugonu [*.....]
Gold:   127        SH: 10    Dex: 12    Spells: 3/3 levels left

rFire    . . .     SeeInvis .   a - +1 falchion
rCold    . . .     Faith    .   k - +0 tower shield
rNeg     . . .     Spirit   .   f - +0 plate armour
rPois    .         Reflect  .   d - +2 helmet
rElec    .         Harm     .   e - +0 cloak
rCorr    .         Rampage  .   (no gloves)
Will     .....                  (no boots)
Stlth    ..........             (no amulet)
HPRegen  0.12/turn              (no ring)
MPRegen  0.10/turn              (no ring)

@: no status effects
A: hooves 1, big brain 1
a: Renounce Religion, Depart the Abyss


You were on level 3 of the Dungeon.
You worshipped Lugonu.
Lugonu was aware of your devotion.
You visited 1 branch of the dungeon, and saw 3 of its levels.
You visited the Abyss 1 time.

You collected 127 gold pieces.

Inventory:

Hand Weapons
 a - a +1 falchion (weapon)
Armour
 b - a +0 leather armour
 d - a +2 helmet (worn)
 e - a +0 cloak (worn)
 f - a +0 plate armour (worn)
 i - a scarf of shadows
 k - a +0 tower shield (worn)
Potions
 c - 2 potions of curing {unknown}
 g - a potion of magic {unknown}
 h - a potion of flight {unknown}


   Skills:
 + Level 4.0 Fighting
 + Level 2.1 Long Blades
 + Level 2.8 Armour
 + Level 1.0 Dodging
 + Level 2.8 Invocations


You had 3 spell levels left.
You didn't know any spells.
Your spell library was empty.

Dungeon Overview and Level Annotations

Branches:
Dungeon (3/15)

Altars:
Yredelemnul

Shops:
D:1 (

Annotations:
D:3 Ijyb


Innate Abilities, Weirdness & Mutations

You have large cloven feet.
You have an unusually large brain. (Int +2)


Message History

You block the frilled lizard's attack.
The ball python bites you but does no damage.
The ball python constricts you. Ijyb hits you but does no damage.
The frilled lizard bites you but does no damage.
You closely miss the ball python. You kick the ball python.
You kill the ball python!
Lugonu accepts your kill. You block the frilled lizard's attack.
Ijyb hits you but does no damage. x2
You block the frilled lizard's attack.
Unknown command.
You hit the frilled lizard.
You kill the frilled lizard!
Lugonu accepts your kill. You block Ijyb's attack.
Something hits you but does no damage. The worm bites you.
You closely miss Ijyb.
Ijyb is lightly wounded.
Ijyb hits you but does no damage. Something hits you but does no damage.
You block the worm's attack. Ijyb hits you but does no damage.
Something hits you but does no damage.
You hit Ijyb but do no damage. You kick Ijyb, but do no damage.
Ijyb is lightly wounded.
Something hits you but does no damage. Ijyb hits you with a +0 club.
The worm bites you but does no damage. Ijyb hits you with a +0 club.
Something hits you but does no damage.
You barely miss something. Your kick misses something.
Something hits you but does no damage. Ijyb hits you but does no damage.
The worm bites you but does no damage.
You hit something. Your kick misses something. You block Ijyb's attack.
Something hits you.
* * * LOW HITPOINT WARNING * * *
Something shocks you.
* * * LOW HITPOINT WARNING * * *
The worm bites you but does no damage. Something hits you but does no damage.
Ijyb hits you but does no damage.
As you read the scroll labelled TUAC ME AKEI, it crumbles to dust.
You feel aware of your surroundings.
You sensed 1 altar.
It was a scroll of magic mapping.
You block Ijyb's attack. Something hits you but does no damage.
The worm bites you!
You die...

*,,,,,,,***********,*,,*
*,*
,,,*,,*,**,,,,,,,,*,*,.#
*,*
*,,*,,#.**,**###*,*,*..#
*,* *,,*,,#.#*,*
#.#*,*,#..#**,******
*,,*,,#..#,*
#.#*,,.....,,,,,,,,,
*,,*,.#....*
#.#**#...,********,*
*,,*,......#*#.#*#..#,,*
*,*
*,,**,#.....##.##...#,,*
*,*
,,,,,,#.#...<..w@...#,,*
**,*
*,,**......)....g{.....#
****,,,
*,,**.#.##.##....>..#.##
*,,,,,^
,,,**,*,*#.*#.......#,*
*,**,,,
*,,,,,,,*#,*#.........**
*,***,*
*****,*,,,,*###........**
*,* *,, *
*,*,*****,..........* *,*
*** * *,*,* *,###.......*
*,* * *** *,*,*
*,,**....,,,* *,* *


You could see Ijyb and a worm.

Vanquished Creatures
  A howler monkey skeleton (D:2)
  3 adders (D:2)
  A dart slug (D:2)
  3 ball pythons
  5 endoplasms
  A giant cockroach (D:2)
  4 goblins
  7 hobgoblins
  A quokka (D:1)
  3 bats
  2 frilled lizards
  5 kobolds
  5 rats
41 creatures vanquished.

Notes
Turn   | Place    | Note
-------+----------+-------------------------------------------
     0 | Abyss:1  | horus123 the Demonspawn Abyssal Knight began the quest for
                  | the Orb.
     0 | Abyss:1  | Reached XP level 1. HP: 18/18 MP: 2/2
   179 | Abyss:3  | Noticed a raiju
   180 | D:1      | Escaped the Abyss
   228 | D:1      | Reached * piety under Lugonu
   621 | D:1      | Reached skill level 1 in Dodging
   629 | D:1      | Gained mutation: You have large cloven feet. [demonic
                  | ancestry]
   629 | D:1      | Reached XP level 2. HP: 23/24 MP: 4/4
   990 | D:1      | Found Cuox's Weapon Emporium.
  1222 | D:1      | Found a basalt altar of Yredelemnul.
  1361 | D:2      | Gained mutation: You have an unusually large brain. (Int
                  | +2) [demonic ancestry]
  1361 | D:2      | Reached XP level 3. HP: 30/30 MP: 5/5
  1947 | D:2      | Reached skill level 4 in Fighting
  1947 | D:2      | Reached XP level 4. HP: 27/37 MP: 6/6
  2440 | D:3      | Noticed Ijyb
  2463 | D:3      | Noticed a sky beast
  2472 | D:3      | Slain by a worm

Illustrated notes

Levels and vault maps discovered:
D:1:      dpeg_arrival_water_altar, layout_loops_ring, serial_shops, shop,
          serial_rivers, chequers_serial_rivers_room_a,
          chequers_serial_rivers_large_a, chequers_serial_rivers_micro_b,
          chequers_serial_rivers_micro_e, chequers_serial_rivers_small_a,
          amcnicky_mini_pool_small
D:2:      layout_loops_ring
D:3:      layout_loops_ring, chequers_ecumenical_altar_island,
          minmay_misc_feat_more_columns, serial_park_tiny_pond, minmay_vboxes,
          uniq_ijyb

Skill      XL: |  1  2  3 |
---------------+----------+-----
Armour         | 2 |  2.8
Dodging        | 1 |  1.0
Long Blades    | 2 |  2.1
Fighting       | 4 |  4.0
Invocations    | |  2.8

Action                   |  1- 3 |  4- 6 || total
-------------------------+-------+-------++-------
Melee: Falchion          |   132 |    41 ||   173
       Kick              |    18 |    10 ||    28
Invok: Depart the Abyss  |     1 |       ||     1
  Use: Scroll            |     5 |     2 ||     7
Armor: Plate armour      |   127 |    76 ||   203
Dodge: Dodged            |    20 |     4 ||    24
Block: Tower shield      |       |    38 ||    38
       Rpst.: Falchion   |     8 |     3 ||    11
